General information
- name: BNet
- type: Ladder team game (AT/RT)
- host: Battle.net
- saver: iNT]DOGANDHORSE
map: SilverpineForest
- players: 6
- length: 69:25
- speed: Fast
- version: 1.26 W3XP
- replay type:

» download(519 KB)
Players
team 1 (winner)
bornintheUSA (
red | 102 APM | 7091 actions | 69:23)
8 Warden
3 Shadow Strike
3 Blink
1 Spirit of Vengeance
1 Fan of Knives
7 Pandaren Brewmaster
3 Breath of Fire
1 Drunken Haze
2 Drunken Brawler
1 Storm Earth and Fire
» actions
| Assign group hotkey | 21 | |
| Basic commands | 113 | |
| Build / train | 105 | |
| ESC pressed | 3 | |
| Enter build submenu | 32 | |
| Enter hero's abilities submenu | 15 | |
| Give item / drop item | 12 | |
| Right click | 4180 | |
| Select / deselect | 374 | |
| Select group hotkey | 1734 | |
| Use ability | 501 | |
7091 total
» units
| Wisp | 25 | |
| Druid of the Talon | 16 | |
| Goblin Zeppelin | 1 | |
| Hippogryph | 10 | |
52 total
» upgrades
| Ultravision | 1 | |
| Well Spring | 1 | |
| Strength of the Wild | 3 | |
| Reinforced Hides | 3 | |
| Druid of the Talon Training | 2 | |
| Mark of the Talon | 1 | |
| Nature's Blessing | 1 | |
12 total
» buildings
| Altar of Elders | 1 | |
| Moon Well | 25 | |
| Tree of Ages | 3 | |
| Hunter's Hall | 1 | |
| Tree of Eternity | 1 | |
| Ancient of Wonders | 1 | |
| Tree of Life | 2 | |
| Ancient of Wind | 2 | |
36 total
» build order
00:10 Altar of Elders
00:12 Moon Well
01:37 Moon Well
04:46 Tree of Ages
04:47 Tree of Ages
05:31 Moon Well
06:14 Moon Well
07:05 Hunter's Hall
07:10 Tree of Eternity
08:46 Ancient of Wonders
09:26 Tree of Life
10:36 Ancient of Wind
13:30 Moon Well
13:30 Moon Well
13:34 Moon Well
15:32 Moon Well
15:34 Moon Well
15:34 Moon Well
16:54 Moon Well
16:55 Moon Well
16:56 Moon Well
16:57 Moon Well
16:57 Moon Well
16:58 Moon Well
23:43 Ancient of Wind
27:35 Moon Well
27:36 Moon Well
30:13 Moon Well
30:13 Moon Well
30:14 Moon Well
46:57 Tree of Life
51:42 Moon Well
51:45 Moon Well
51:47 Moon Well
51:48 Moon Well
» items
| Dust of Appearance | 1 | |
| Boots of Speed | 2 | |
| Staff of Teleportation | 5 | |
| Orb of Venom | 1 | |
| Staff of Sanctuary | 2 | |
| Orb of Lightning | 1 | |
| Lesser Clarity Potion | 1 | |
| Medallion of Courage | 2 | |
| Hood of Cunning | 1 | |
16 total
iggy_the_fisk (
yellow | 135 APM | 9352 actions | 69:23)
7 Archmage
3 Blizzard
3 Brilliance Aura
1 Mass Teleport
6 Blood Mage
3 Flame Strike
1 Siphon Mana
1 Banish
1 Summon Phoenix
6 Mountain King
3 Storm Bolt
2 Bash
1 Avatar
» actions
| Assign group hotkey | 508 | |
| Basic commands | 106 | |
| Build / train | 133 | |
| Enter build submenu | 135 | |
| Enter hero's abilities submenu | 19 | |
| Give item / drop item | 9 | |
| Right click | 4744 | |
| Select / deselect | 644 | |
| Select group hotkey | 2403 | |
| Use ability | 651 | |
9352 total
» units
» upgrades
| Masonry | 3 | |
| Magic Sentry | 1 | |
| Lumber Harvesting | 2 | |
6 total
» buildings
| Altar of Kings | 3 | |
| Farm | 9 | |
| Lumber Mill | 2 | |
| Scout Tower | 128 | |
| Arcane Tower | 9 | |
| Guard Tower | 43 | |
| Arcane Vault | 3 | |
| Keep | 2 | |
| Arcane Sanctum | 1 | |
| Castle | 1 | |
| Town Hall | 2 | |
203 total
» build order
00:19 Altar of Kings
00:34 Farm
01:00 Lumber Mill
01:13 Farm
01:37 Scout Tower
01:43 Scout Tower
02:05 Arcane Tower
02:06 Scout Tower
02:10 Scout Tower
02:27 Arcane Tower
02:30 Scout Tower
02:39 Scout Tower
02:40 Guard Tower
02:49 Guard Tower
02:51 Scout Tower
03:09 Scout Tower
03:17 Guard Tower
03:19 Scout Tower
03:40 Guard Tower
03:42 Scout Tower
03:44 Arcane Vault
03:55 Guard Tower
03:58 Scout Tower
03:58 Scout Tower
04:01 Arcane Tower
04:02 Keep
04:42 Guard Tower
04:43 Scout Tower
04:53 Scout Tower
04:55 Guard Tower
05:20 Keep
05:32 Guard Tower
05:34 Scout Tower
05:35 Scout Tower
05:55 Scout Tower
05:57 Scout Tower
06:01 Arcane Vault
06:08 Guard Tower
06:09 Scout Tower
06:10 Scout Tower
06:28 Farm
06:36 Guard Tower
06:38 Scout Tower
06:39 Guard Tower
06:40 Scout Tower
06:59 Guard Tower
07:00 Scout Tower
07:01 Scout Tower
07:06 Scout Tower
07:07 Guard Tower
07:07 Guard Tower
07:19 Scout Tower
07:40 Guard Tower
07:42 Scout Tower
07:43 Scout Tower
07:44 Scout Tower
07:48 Arcane Sanctum
08:36 Guard Tower
08:39 Scout Tower
08:40 Scout Tower
08:41 Scout Tower
08:42 Scout Tower
08:42 Scout Tower
08:43 Scout Tower
08:47 Scout Tower
08:56 Guard Tower
09:10 Castle
09:14 Scout Tower
09:14 Scout Tower
09:21 Guard Tower
09:22 Scout Tower
09:23 Scout Tower
09:47 Scout Tower
09:48 Scout Tower
10:04 Scout Tower
10:08 Guard Tower
10:11 Town Hall
10:27 Guard Tower
10:28 Scout Tower
10:28 Scout Tower
10:30 Guard Tower
10:31 Scout Tower
10:32 Scout Tower
10:44 Arcane Tower
10:53 Arcane Vault
11:00 Arcane Tower
11:45 Farm
11:46 Guard Tower
13:32 Guard Tower
13:34 Scout Tower
13:35 Scout Tower
13:37 Scout Tower
14:08 Arcane Tower
14:09 Scout Tower
14:19 Scout Tower
14:21 Scout Tower
15:11 Guard Tower
15:13 Scout Tower
15:14 Scout Tower
15:17 Scout Tower
15:20 Scout Tower
15:21 Scout Tower
15:22 Scout Tower
15:22 Scout Tower
15:26 Scout Tower
15:26 Scout Tower
15:27 Scout Tower
15:28 Scout Tower
16:12 Guard Tower
16:15 Scout Tower
16:16 Scout Tower
16:16 Scout Tower
16:17 Scout Tower
16:19 Scout Tower
16:23 Guard Tower
16:58 Scout Tower
16:59 Scout Tower
18:12 Scout Tower
18:12 Scout Tower
18:39 Town Hall
18:44 Guard Tower
18:49 Scout Tower
18:49 Scout Tower
18:50 Scout Tower
18:51 Scout Tower
18:51 Scout Tower
18:52 Scout Tower
19:05 Scout Tower
19:06 Scout Tower
19:06 Scout Tower
19:07 Scout Tower
19:08 Scout Tower
19:09 Scout Tower
19:13 Guard Tower
19:15 Guard Tower
19:17 Scout Tower
19:18 Scout Tower
19:22 Scout Tower
19:23 Scout Tower
19:24 Scout Tower
19:33 Scout Tower
19:35 Scout Tower
19:36 Scout Tower
19:39 Guard Tower
19:45 Guard Tower
19:46 Scout Tower
19:47 Scout Tower
19:59 Scout Tower
20:00 Scout Tower
20:00 Scout Tower
20:01 Scout Tower
20:04 Guard Tower
20:19 Guard Tower
20:42 Scout Tower
20:43 Scout Tower
20:54 Scout Tower
20:55 Scout Tower
20:56 Guard Tower
22:27 Arcane Tower
22:32 Lumber Mill
22:38 Scout Tower
22:39 Scout Tower
22:40 Scout Tower
22:41 Scout Tower
24:02 Guard Tower
24:12 Altar of Kings
26:22 Guard Tower
33:27 Altar of Kings
33:37 Farm
33:38 Farm
33:40 Farm
33:42 Farm
34:55 Farm
36:25 Scout Tower
36:26 Scout Tower
37:11 Arcane Tower
37:25 Arcane Tower
49:15 Scout Tower
49:17 Scout Tower
49:20 Scout Tower
49:21 Scout Tower
50:29 Guard Tower
50:33 Scout Tower
50:36 Scout Tower
52:06 Guard Tower
52:10 Scout Tower
53:19 Scout Tower
53:21 Scout Tower
53:53 Guard Tower
53:54 Scout Tower
53:56 Guard Tower
54:06 Scout Tower
54:08 Scout Tower
54:13 Scout Tower
57:22 Guard Tower
57:24 Scout Tower
57:35 Scout Tower
57:37 Scout Tower
57:45 Scout Tower
57:46 Scout Tower
57:59 Scout Tower
58:04 Guard Tower
61:25 Guard Tower
» items
| Healing Salve | 3 | |
| Boots of Speed | 2 | |
| Staff of Teleportation | 3 | |
| Scroll of Regeneration | 2 | |
| Orb of Lightning | 3 | |
| Khadgar's Gem of Health | 1 | |
| Staff of Sanctuary | 2 | |
| Scroll of Town Portal | 4 | |
| Staff of Preservation | 1 | |
21 total
iNT]DOGANDHORSE (
green | 122 APM | 8485 actions | 69:25)
8 Blademaster
3 Wind Walk
3 Critical Strike
1 Bladestorm
1 Mirror Image
5 Tauren Chieftain
3 Shockwave
2 Endurance Aura
» actions
| Assign group hotkey | 17 | |
| Basic commands | 7 | |
| Build / train | 120 | |
| ESC pressed | 2 | |
| Enter build submenu | 84 | |
| Enter hero's abilities submenu | 14 | |
| Give item / drop item | 26 | |
| Right click | 6115 | |
| Select / deselect | 957 | |
| Select group hotkey | 712 | |
| Use ability | 429 | |
8485 total
» units
| Peon | 12 | |
| Troll Batrider | 28 | |
| Troll Witch Doctor | 1 | |
| Shaman | 1 | |
42 total
» upgrades
| Ranged Weapons | 3 | |
| Reinforced Defenses | 1 | |
| Liquid Fire | 1 | |
| Armor | 3 | |
| Witch Doctor Training | 2 | |
| Shaman Training | 2 | |
12 total
» buildings
| Altar of Storms | 1 | |
| Orc Burrow | 8 | |
| War Mill | 1 | |
| Voodoo Lounge | 3 | |
| Watch Tower | 105 | |
| Stronghold | 1 | |
| Fortress | 1 | |
| Beastiary | 3 | |
| Spirit Lodge | 1 | |
| Great Hall | 1 | |
125 total
» build order
00:09 Altar of Storms
00:18 Orc Burrow
00:34 War Mill
01:13 Voodoo Lounge
01:53 Watch Tower
02:23 Watch Tower
02:54 Watch Tower
03:07 Watch Tower
03:16 Stronghold
03:53 Watch Tower
03:56 Orc Burrow
03:58 Orc Burrow
04:44 Watch Tower
05:41 Watch Tower
05:43 Fortress
05:50 Watch Tower
05:52 Beastiary
05:55 Beastiary
06:26 Watch Tower
06:30 Watch Tower
06:38 Orc Burrow
07:13 Watch Tower
07:18 Watch Tower
07:32 Voodoo Lounge
07:35 Voodoo Lounge
08:46 Watch Tower
09:41 Watch Tower
10:09 Watch Tower
13:36 Watch Tower
13:36 Watch Tower
13:37 Watch Tower
13:38 Watch Tower
16:07 Spirit Lodge
16:12 Watch Tower
16:12 Watch Tower
16:13 Watch Tower
16:13 Watch Tower
16:14 Watch Tower
16:14 Watch Tower
17:38 Watch Tower
17:39 Watch Tower
17:40 Watch Tower
17:41 Watch Tower
17:41 Watch Tower
17:42 Watch Tower
22:33 Watch Tower
22:34 Watch Tower
22:35 Watch Tower
22:35 Watch Tower
22:36 Watch Tower
22:36 Watch Tower
28:38 Watch Tower
28:39 Watch Tower
28:39 Watch Tower
28:40 Watch Tower
28:41 Watch Tower
28:42 Watch Tower
30:17 Watch Tower
30:18 Watch Tower
30:20 Watch Tower
30:20 Watch Tower
30:24 Watch Tower
30:25 Watch Tower
30:43 Watch Tower
32:13 Watch Tower
32:14 Watch Tower
32:15 Watch Tower
32:16 Watch Tower
32:17 Watch Tower
32:18 Watch Tower
32:28 Watch Tower
32:58 Great Hall
33:46 Watch Tower
33:46 Watch Tower
33:47 Watch Tower
33:48 Watch Tower
33:49 Watch Tower
33:50 Watch Tower
35:01 Watch Tower
35:02 Watch Tower
35:03 Watch Tower
35:03 Watch Tower
35:04 Watch Tower
35:05 Watch Tower
36:10 Watch Tower
36:11 Watch Tower
39:06 Watch Tower
39:08 Watch Tower
39:08 Watch Tower
39:09 Watch Tower
39:10 Watch Tower
39:12 Watch Tower
39:12 Watch Tower
39:13 Watch Tower
44:32 Watch Tower
44:32 Watch Tower
44:33 Watch Tower
44:35 Watch Tower
44:36 Watch Tower
44:37 Watch Tower
46:38 Watch Tower
46:39 Watch Tower
46:39 Watch Tower
46:40 Watch Tower
46:41 Watch Tower
46:41 Watch Tower
50:14 Watch Tower
50:15 Watch Tower
52:27 Watch Tower
52:28 Watch Tower
52:29 Watch Tower
52:29 Watch Tower
52:30 Watch Tower
52:31 Watch Tower
54:26 Beastiary
55:48 Orc Burrow
55:48 Orc Burrow
55:48 Orc Burrow
55:49 Orc Burrow
56:26 Watch Tower
56:27 Watch Tower
56:27 Watch Tower
56:27 Watch Tower
56:28 Watch Tower
61:35 Watch Tower
» items
| Healing Salve | 8 | |
| Lesser Clarity Potion | 20 | |
| Boots of Speed | 2 | |
| Staff of Teleportation | 2 | |
| Orb of Lightning | 2 | |
| Claws of Attack +12 | 1 | |
| Potion of Lesser Invulnerability | 1 | |
| Scroll of Town Portal | 1 | |
| Staff of Preservation | 1 | |
| Helm of Valor | 1 | |
| Amulet of Spell Shield | 1 | |
| Pendant of Mana | 2 | |
| Claws of Attack +9 | 1 | |
43 total
team 2 (loser)
B2_o2 (
pink | 61 APM | 3763 actions | 61:37)
6 Death Knight
3 Death Coil
1 Unholy Aura
2 Death Pact
4 Lich
2 Frost Nova
2 Frost Armor
» actions
| Assign group hotkey | 30 | |
| Build / train | 85 | |
| Enter build submenu | 37 | |
| Enter hero's abilities submenu | 10 | |
| Give item / drop item | 2 | |
| Remove unit from queue | 1 | |
| Right click | 1963 | |
| Select / deselect | 448 | |
| Select group hotkey | 1023 | |
| Use ability | 164 | |
3763 total
» units
| Acolyte | 24 | |
| Ghoul | 4 | |
| Crypt Fiend | 7 | |
| Obsidian Statue | 3 | |
| Frost Wyrm | 9 | |
47 total
» upgrades
| Web | 1 | |
| Freezing Breath | 1 | |
| Creature Attack | 3 | |
| Creature Carapace | 3 | |
8 total
» buildings
| Graveyard | 1 | |
| Crypt | 1 | |
| Altar of Darkness | 1 | |
| Ziggurat | 16 | |
| Tomb of Relics | 1 | |
| Nerubian Tower | 2 | |
| Halls of the Dead | 1 | |
| Black Citadel | 1 | |
| Sacrificial Pit | 1 | |
| Slaughterhouse | 1 | |
| Boneyard | 2 | |
| Spirit Tower | 7 | |
35 total
» build order
00:38 Graveyard
00:44 Crypt
00:55 Altar of Darkness
01:03 Ziggurat
01:18 Ziggurat
01:36 Tomb of Relics
02:19 Nerubian Tower
03:39 Ziggurat
04:30 Halls of the Dead
04:56 Ziggurat
07:24 Ziggurat
08:05 Black Citadel
08:50 Sacrificial Pit
09:02 Slaughterhouse
09:17 Ziggurat
10:59 Boneyard
11:06 Boneyard
14:17 Spirit Tower
14:44 Spirit Tower
14:46 Spirit Tower
15:38 Spirit Tower
15:58 Ziggurat
16:01 Ziggurat
16:04 Ziggurat
17:07 Spirit Tower
18:44 Ziggurat
18:47 Ziggurat
18:50 Ziggurat
19:52 Nerubian Tower
19:53 Spirit Tower
23:50 Ziggurat
24:44 Ziggurat
31:44 Ziggurat
31:46 Ziggurat
32:56 Spirit Tower
» items
| Rod of Necromancy | 1 | |
| Dust of Appearance | 2 | |
| Sacrificial Skull | 1 | |
| Potion of Lesser Invulnerability | 1 | |
| Scroll of Town Portal | 1 | |
6 total
HBW-StonerCraft (
orange | 49 APM | 3163 actions | 64:33)
4 Crypt Lord
2 Carrion Beetles
1 Spiked Carapace
1 Impale
3 Death Knight
2 Death Coil
1 Unholy Aura
» actions
| Basic commands | 386 | |
| Build / train | 196 | |
| Enter build submenu | 38 | |
| Enter hero's abilities submenu | 7 | |
| Give item / drop item | 1 | |
| Remove unit from queue | 3 | |
| Right click | 1098 | |
| Select / deselect | 1266 | |
| Use ability | 168 | |
3163 total
» units
| Acolyte | 36 | |
| Ghoul | 12 | |
| Crypt Fiend | 29 | |
| Meatwagon | 49 | |
| Abomination | 4 | |
| Necromancer | 10 | |
| Banshee | 2 | |
142 total
» upgrades
| Creature Carapace | 1 | |
| Web | 1 | |
| Exhume Corpses | 1 | |
| Creature Attack | 1 | |
| Unholy Armor | 1 | |
| Unholy Strength | 3 | |
| Skeletal Longevity | 1 | |
9 total
» buildings
| Crypt | 1 | |
| Ziggurat | 19 | |
| Altar of Darkness | 1 | |
| Graveyard | 1 | |
| Tomb of Relics | 1 | |
| Halls of the Dead | 1 | |
| Nerubian Tower | 1 | |
| Spirit Tower | 16 | |
| Slaughterhouse | 1 | |
| Black Citadel | 1 | |
| Temple of the Damned | 1 | |
44 total
» build order
00:08 Crypt
00:10 Ziggurat
00:35 Altar of Darkness
00:59 Graveyard
01:42 Ziggurat
02:16 Tomb of Relics
03:09 Ziggurat
04:19 Halls of the Dead
04:39 Nerubian Tower
05:49 Spirit Tower
06:42 Slaughterhouse
08:55 Ziggurat
12:11 Black Citadel
12:55 Ziggurat
13:00 Ziggurat
13:10 Ziggurat
13:15 Ziggurat
13:59 Spirit Tower
14:01 Spirit Tower
14:16 Spirit Tower
14:22 Spirit Tower
15:53 Ziggurat
18:36 Spirit Tower
19:24 Temple of the Damned
29:23 Spirit Tower
29:24 Spirit Tower
30:45 Ziggurat
30:47 Ziggurat
31:59 Spirit Tower
32:00 Spirit Tower
33:02 Ziggurat
33:54 Ziggurat
33:58 Spirit Tower
33:59 Ziggurat
35:18 Spirit Tower
35:20 Spirit Tower
39:43 Ziggurat
41:11 Spirit Tower
45:16 Ziggurat
46:11 Spirit Tower
62:30 Ziggurat
62:32 Ziggurat
63:12 Ziggurat
63:35 Spirit Tower
» items
| Rod of Necromancy | 3 | |
| Scroll of Town Portal | 3 | |
| Potion of Lesser Invulnerability | 1 | |
| Potion of Healing | 1 | |
| Wand of Illusion | 1 | |
| Orb of Lightning | 1 | |
| Lesser Clarity Potion | 1 | |
| Healing Salve | 1 | |
12 total
kevo461 (
purple | 54 APM | 3772 actions | 69:22)
4 Blademaster
2 Wind Walk
2 Critical Strike
3 Shadow Hunter
2 Healing Wave
1 Hex
2 Tauren Chieftain
1 Endurance Aura
1 Shockwave
» actions
| Assign group hotkey | 75 | |
| Basic commands | 542 | |
| Build / train | 130 | |
| ESC pressed | 3 | |
| Enter build submenu | 53 | |
| Enter hero's abilities submenu | 9 | |
| Give item / drop item | 5 | |
| Remove unit from queue | 1 | |
| Right click | 1648 | |
| Select / deselect | 461 | |
| Select group hotkey | 622 | |
| Use ability | 223 | |
3772 total
» units
| Peon | 36 | |
| Troll Headhunter/Berserker | 8 | |
| Demolisher | 2 | |
| Tauren | 6 | |
| Shaman | 9 | |
| Troll Witch Doctor | 7 | |
| Spirit Walker | 2 | |
70 total
» upgrades
| Spiked Barricades | 3 | |
| Berserker Upgrade | 1 | |
| Pulverize | 1 | |
| Shaman Training | 2 | |
| Reinforced Defenses | 1 | |
| Armor | 3 | |
| Witch Doctor Training | 2 | |
| Melee Weapons | 3 | |
| Spirit Walker Training | 2 | |
| Ranged Weapons | 3 | |
| Troll Regeneration | 1 | |
| Burning Oil | 1 | |
| Pillage | 1 | |
| Berserker Strength | 1 | |
25 total
» buildings
| Altar of Storms | 1 | |
| Orc Burrow | 8 | |
| Barracks | 1 | |
| Voodoo Lounge | 1 | |
| War Mill | 1 | |
| Stronghold | 4 | |
| Watch Tower | 27 | |
| Fortress | 1 | |
| Great Hall | 10 | |
| Tauren Totem | 1 | |
| Spirit Lodge | 2 | |
57 total
» build order
00:10 Altar of Storms
00:16 Orc Burrow
00:48 Barracks
01:28 Voodoo Lounge
01:41 Orc Burrow
02:12 War Mill
02:55 Stronghold
02:55 Stronghold
02:56 Stronghold
04:37 Watch Tower
04:42 Watch Tower
05:15 Orc Burrow
05:54 Fortress
07:34 Great Hall
07:42 Watch Tower
07:49 Great Hall
07:55 Watch Tower
09:07 Orc Burrow
09:09 Orc Burrow
09:48 Watch Tower
09:51 Watch Tower
10:09 Tauren Totem
11:10 Spirit Lodge
12:08 Watch Tower
12:18 Watch Tower
13:43 Orc Burrow
21:10 Spirit Lodge
23:41 Orc Burrow
23:42 Orc Burrow
25:24 Great Hall
25:27 Watch Tower
25:35 Great Hall
27:57 Great Hall
31:06 Great Hall
32:12 Great Hall
37:03 Great Hall
40:11 Great Hall
40:25 Watch Tower
40:28 Watch Tower
45:31 Watch Tower
45:32 Watch Tower
46:52 Watch Tower
46:54 Watch Tower
48:28 Great Hall
48:36 Watch Tower
48:37 Watch Tower
48:37 Watch Tower
48:39 Watch Tower
51:10 Watch Tower
53:35 Watch Tower
53:36 Watch Tower
65:48 Watch Tower
65:49 Watch Tower
65:53 Watch Tower
65:53 Watch Tower
66:03 Watch Tower
» items
| Healing Salve | 5 | |
| Lesser Clarity Potion | 3 | |
| Boots of Speed | 1 | |
| Circlet of Nobility | 1 | |
| Staff of Teleportation | 1 | |
| Potion of Healing | 1 | |
| Orb of Lightning | 1 | |
| Khadgar's Gem of Health | 1 | |
| Scroll of Protection | 1 | |
| Amulet of Spell Shield | 1 | |
16 total
Chat log
(08:37 / All) iNT]DOGANDHORSE: KIK
(08:38 / All) iNT]DOGANDHORSE: lol
(11:48 / All) iNT]DOGANDHORSE: WOW
(11:48 / All) iNT]DOGANDHORSE: WOW
(11:49 / All) iNT]DOGANDHORSE: WOW
(11:50 / All) iNT]DOGANDHORSE: WOW
(12:38 / All) iNT]DOGANDHORSE: LOL
(12:38 / All) iNT]DOGANDHORSE: LOL
(12:39 / All) iNT]DOGANDHORSE: LOL
(12:40 / All) iNT]DOGANDHORSE: LOL
(12:42 / All) iNT]DOGANDHORSE: hey stonercraft
(12:45 / All) iNT]DOGANDHORSE: do you remember clan towa
(13:00 / All) iNT]DOGANDHORSE: how the fuck are you still awful
(13:03 / All) iNT]DOGANDHORSE: this game is 9 years old
(13:05 / All) HBW-StonerCraft: ?
(13:11 / All) iNT]DOGANDHORSE: BEAR_AND timg4strok et al
(13:12 / All) iNT]DOGANDHORSE: it's us
(15:26 / All) iNT]DOGANDHORSE: thank you
(15:35 / All) iNT]DOGANDHORSE: for medallion and xptome
(15:39 / All) iNT]DOGANDHORSE: LOL
(16:37 / All) iNT]DOGANDHORSE: you missed
(17:04 / All) iNT]DOGANDHORSE: good micro!
(17:22 / All) iNT]DOGANDHORSE: holy fucjk
(17:30 / All) iNT]DOGANDHORSE: just quit
(17:31 / All) iNT]DOGANDHORSE: this is brutal
(17:52 / All) iNT]DOGANDHORSE: what is your apm
(17:57 / All) iNT]DOGANDHORSE: i will be very surprised if it's above 40
(18:03 / All) iNT]DOGANDHORSE: check at http://highper.ch/ after this gmae
(24:08 / All) kevo461: saying something imbeciles? rofl
(24:11 / All) iNT]DOGANDHORSE: lol
(24:11 / All) iNT]DOGANDHORSE: yes
(24:13 / All) iNT]DOGANDHORSE: you're fucking awful
(24:16 / All) kevo461: gtfo nerds
(24:19 / All) iNT]DOGANDHORSE: lol
(24:20 / All) bornintheUSA: stfu....noobs pick ud and think u're good
(24:29 / All) kevo461: tower more and lose
(24:32 / All) kevo461: nerds
(24:35 / All) iggy_the_fisk: sweet hacks btw nerds
(24:37 / All) iNT]DOGANDHORSE: lol
(24:40 / All) kevo461: ROFL
(25:44 / All) kevo461: plz stop
(25:52 / All) kevo461: im going to die of laughter XD
(26:42 / All) iNT]DOGANDHORSE: lol
(26:56 / All) kevo461: lol ur hero died
(27:00 / All) kevo461: with no expoes
(27:01 / All) kevo461: LOl
(27:19 / All) kevo461: ya thats funny brah
(27:48 / All) kevo461: i am dieing
(28:11 / All) kevo461: fuckers are such a joke
(28:57 / All) kevo461: ROFL u mad kids
(29:03 / All) kevo461: ??!?!?
(29:07 / All) iggy_the_fisk: stfu siegenoob
(29:08 / All) iNT]DOGANDHORSE: ???
(29:18 / All) kevo461: gtfo loser nerd rofl
(29:27 / All) kevo461: ur done
(29:31 / All) iNT]DOGANDHORSE: ???
(30:17 / All) kevo461: ya like i said
(30:20 / All) kevo461: gtfo
(30:26 / All) bornintheUSA: fuck u...
(30:36 / All) kevo461: mad brah?!
(30:44 / All) iNT]DOGANDHORSE: ????
(30:45 / All) iNT]DOGANDHORSE: lol
(30:50 / All) kevo461: oh ya u mad
(31:03 / All) iNT]DOGANDHORSE: lol
(32:08 / All) iNT]DOGANDHORSE: lol?
(34:23 / All) iNT]DOGANDHORSE: lol!
(34:41 / All) iNT]DOGANDHORSE: stop l;osing things to towers retards
(34:43 / All) iNT]DOGANDHORSE: they dont move you know
(39:56 / All) iNT]DOGANDHORSE: lol
(40:10 / All) iNT]DOGANDHORSE: lol your peons lmao
(43:25 / All) iNT]DOGANDHORSE: lmao
(43:36 / All) iNT]DOGANDHORSE: LOL
(44:23 / All) iNT]DOGANDHORSE: hehe
(45:03 / All) kevo461: lol @ u cant kill me brahs
(45:10 / All) iNT]DOGANDHORSE: ?>???
(45:20 / All) kevo461: come at ,e brah
(45:46 / All) kevo461: come get me imbeciles
(51:50 / All) iNT]DOGANDHORSE: lmao
(55:37 / All) iNT]DOGANDHORSE: lol
(55:40 / All) iNT]DOGANDHORSE: lose wyrm to tower
(56:20 / All) iNT]DOGANDHORSE: LOL
(59:47 / All) bornintheUSA: u mad
(60:21 / All) iNT]DOGANDHORSE: man
(60:28 / All) iNT]DOGANDHORSE: im almost out of gold
(60:52 / All) iggy_the_fisk: guys
(60:53 / All) iNT]DOGANDHORSE: lmao
(60:57 / All) iNT]DOGANDHORSE: i cant res my hero
(60:58 / All) iggy_the_fisk: what are you doing
(60:59 / All) iNT]DOGANDHORSE: try to kill
(61:41 / All) iNT]DOGANDHORSE: KLOL
(61:41 / All) iNT]DOGANDHORSE: LOL
(61:42 / All) iNT]DOGANDHORSE: LOL
(61:43 / All) iNT]DOGANDHORSE: LOL
(61:44 / All) iNT]DOGANDHORSE: STAY
(62:11 / All) iggy_the_fisk: what's the matter???
(62:14 / All) iNT]DOGANDHORSE: quiet pink.....quit pink.....
(62:17 / All) iggy_the_fisk: do you need more mines??
(62:20 / All) iNT]DOGANDHORSE: clan 46n2 gets owned again
(62:21 / All) bornintheUSA: lol @ u cant kill me brah
(62:24 / All) iggy_the_fisk: hackertrash
(62:24 / All) iNT]DOGANDHORSE: LOL
(62:28 / All) bornintheUSA: come at me brah
(62:33 / All) bornintheUSA: come get me imbeciles
(63:20 / All) iggy_the_fisk: purple
(63:22 / All) iggy_the_fisk: you were the worst
(63:29 / All) iNT]DOGANDHORSE: LOL
(63:30 / All) iNT]DOGANDHORSE: LOL
(63:31 / All) iggy_the_fisk: truly awful
(63:31 / All) iNT]DOGANDHORSE: LOL
(63:32 / All) iNT]DOGANDHORSE: LOL
(63:33 / All) iNT]DOGANDHORSE: LOL
(63:33 / All) iNT]DOGANDHORSE: LOL
(63:35 / All) iNT]DOGANDHORSE: LOL
(63:35 / All) bornintheUSA: @ u cant kill me brah
(64:36 / All) bornintheUSA: cya
(64:36 / All) iNT]DOGANDHORSE: LOL!!!!!!!!!!!!
(64:37 / All) bornintheUSA: cya
(64:38 / All) iNT]DOGANDHORSE: CLAN TOWA #1
(64:44 / All) iggy_the_fisk: you fucken blow...
(64:45 / All) iNT]DOGANDHORSE: http://highper.ch/
(64:48 / All) iNT]DOGANDHORSE: disgusting shitnoobs
(64:51 / All) iNT]DOGANDHORSE: shitbit birdnoobs
(65:33 / All) iNT]DOGANDHORSE: badmanner purp
(65:35 / All) iNT]DOGANDHORSE: gonna stay?
(65:36 / All) iggy_the_fisk: fuck youre awful
(65:39 / All) iNT]DOGANDHORSE:
(65:40 / All) iNT]DOGANDHORSE: honestly
(65:41 / All) iNT]DOGANDHORSE: the worst
(65:47 / All) iggy_the_fisk: the funniest is
(65:52 / All) iNT]DOGANDHORSE: u mad???????
(65:52 / All) iggy_the_fisk: you actually thought you were winning
(66:14 / All) iggy_the_fisk: did you feel excited when you killed my base?
(66:16 / All) kevo461: gg nerds
(66:19 / All) iNT]DOGANDHORSE: BYE
(66:20 / All) iggy_the_fisk: you were showing those towernoobs what's what??
(66:31 / All) kevo461: u guys mad?
(66:32 / All) iNT]DOGANDHORSE: you sure were excited then....
(66:34 / All) iNT]DOGANDHORSE: how do you feel now
(66:35 / All) bornintheUSA: lol
(66:38 / All) bornintheUSA: @ u cant kill me brah
(66:43 / All) iNT]DOGANDHORSE: come at us???
(66:46 / All) iggy_the_fisk: we were laughing the entire way through sorry brah!
(66:49 / All) iNT]DOGANDHORSE: or whatever 14 year old halo thing yous aid
(66:58 / All) kevo461: lol k @ u ma brah?>
(67:03 / All) iNT]DOGANDHORSE: ma
(67:19 / All) kevo461: u mad? green? u mad as fuck rofl
(67:24 / All) iNT]DOGANDHORSE: LOL
(67:32 / All) iNT]DOGANDHORSE: do you know how many times i've beaten 46n2
(67:34 / All) iNT]DOGANDHORSE: i'm bear_and
(67:38 / All) iNT]DOGANDHORSE: this is one of my favorite things
(67:40 / All) kevo461: plz get more mad green
(67:46 / All) iNT]DOGANDHORSE: i'll try.. .. .
(67:49 / All) kevo461: k cool story brah
(67:51 / All) iNT]DOGANDHORSE: lmao
(67:55 / All) iggy_the_fisk: I know you haven't won a game using only heroes
(67:58 / All) iNT]DOGANDHORSE: 4chan filth
(68:00 / All) iggy_the_fisk: it doesn't make you mad
(68:08 / All) iggy_the_fisk: is fun as hell actually
(68:11 / All) kevo461: gtfo u kidz are trash
(68:14 / All) iggy_the_fisk: I just makes towers, heroes, and win
(68:14 / All) kevo461: rofl
(68:17 / All) iNT]DOGANDHORSE: beaten by trash...?
(68:19 / All) kevo461: i own u all 1v1
(68:20 / All) iNT]DOGANDHORSE: OK
(68:21 / All) iNT]DOGANDHORSE: LMAO
(68:22 / All) iNT]DOGANDHORSE: LOL!
(68:26 / All) iNT]DOGANDHORSE: does that make you subtrash
(68:27 / All) kevo461: ALL TRASH
(68:32 / All) iggy_the_fisk: 1v1????
(68:33 / All) iggy_the_fisk: 1v1???
(68:34 / All) iNT]DOGANDHORSE: purple admits he's less than trash
(68:36 / All) kevo461: ZZZZ
(68:43 / All) iNT]DOGANDHORSE: clan towa #1
(68:45 / All) kevo461: gwt good nerds
(68:45 / All) iNT]DOGANDHORSE: http://highper.ch/
(69:03 / All) kevo461: make more websites green
(69:09 / All) iNT]DOGANDHORSE: i finished one earlier today
(69:09 / All) kevo461: it makes u pro
(69:14 / All) kevo461: imbecile
(69:16 / All) iNT]DOGANDHORSE: are you mad that i make websites???
(69:19 / All) iNT]DOGANDHORSE: weird